cohdb
Replays
Latest Replays
All Replays
Popular Replays
Top Player Replays
Match Explorer
How It Works
Community
CoH3 Stats
Reddit
Sign in to upload your games and track your stats! →
Sign in with Steam
Match 41692858
Unlisted
Match 41692858
Overview
Messages
Build Orders
End
Construct Weapon Support Center
Selects Armored Battlegroup
Selects Assault Engineers
Assault Engineer Squad
M1919 Machine Gun Team
M1919 Machine Gun Team
Bazooka Squad
Improved M9 Bazooka Rockets
Selects Field Repairs
Air Support Center
Construct Motor Pool
M1 Anti-tank Gun Team
Selects War Machine
M8 Greyhound Armored Car
M1 Anti-tank Gun Team
Double Sortie
M1919 Machine Gun Team
Assault Engineer Squad
Selects Strength in Steel
Scout Squad
Selects M8 Scott SPG
Construct Tank Depot
Scout Squad
M1 Anti-tank Gun Team
Selects UNKNOWN (2160077)
M4A3E8 Sherman Easy Eight
Grasshopper Recon Run
P-47 Dive Bomb
P-47 Strafing Run
Grasshopper Recon Run
P-47 Strafing Run
P-47 Dive Bomb
M4A3E8 Sherman Easy Eight
M1919 Machine Gun Team
Grasshopper Recon Run
P-47 Dive Bomb
Assault Engineer Squad
Grasshopper Recon Run
P-47 Dive Bomb
P-47 Strafing Run
Assault Engineer Squad
M4A3E8 Sherman Easy Eight
P-47 Dive Bomb
P-47 Dive Bomb
P-47 Strafing Run
M4A3E8 Sherman Easy Eight
^3
DIV 250 BigBoss
Alloyzy Klex
SEPH
0
0
Comments
sign in to comment!
No comments posted yet!